 Dungeon Crawl Stone Soup version 0.31-a0-164-g2312942fda (webtiles) character file.

Game seed: 13790175806039931938

395 qw the Chopper (level 6, -12/39 HPs)
             Began as a Gargoyle Fighter on June 13, 2023.
             Mangled by an ogre
             ... wielding a +0 giant club
              (25 damage)
             ... on level 4 of the Dungeon.
             The game lasted 00:01:56 (3094 turns).

qw the Chopper (Gargoyle Fighter)                   Turns: 3094, Time: 00:01:56

Health: -12/39     AC: 15    Str: 21    XL:     6   Next: 82%
Magic:  6/6        EV:  5    Int:  9    God:
Gold:   61         SH:  4    Dex:  9    Spells: 5/5 levels left

rFire   . . .        Y - +1 war axe
rCold   . . .        c - +0 buckler
rNeg    + . .        k - +0 plate armour
rPois   inf          (no helmet)
rElec   +            (no cloak)
rCorr   .            (no gloves)
SInv    .            (no boots)
Will    .....        i - amulet of faith Stlth
                     (no ring)
HPRegen 0.26/turn    (no ring)
MPRegen 0.10/turn

%: faith
@: no status effects
A: sickness immunity, AC +4, negative energy resistance 1, electricity
resistance, torment resistance 1, petrification resistance
a: no special abilities


You were on level 4 of the Dungeon.
You visited 1 branch of the dungeon, and saw 4 of its levels.

You collected 61 gold pieces.


Innate Abilities, Weirdness & Mutations

You are immune to sickness and miasma.
Your stone body is resilient. (AC +4)
You are immune to poison.
You resist negative energy. (rN+)
You are resistant to electric shocks. (rElec)
You are resistant to unholy torment.
You are immune to petrification.


   Skills:
 - Level 4.3 Fighting
 + Level 5.9 Axes
 - Level 3.2 Armour
 - Level 3.2 Shields


You had 5 spell levels left.
You didn't know any spells.
Your spell library was empty.

Inventory:

Hand Weapons
 h - a +0 whip
 Y - a +1 war axe (weapon)
Armour
 c - a +0 buckler (worn)
 g - a +6 chain mail of ponderousness
 k - a +0 plate armour (worn)
 l - a +0 pair of gloves
 m - a +2 chain mail of fire resistance
Jewellery
 i - an amulet of faith (around neck)
Scrolls
 a - a scroll of identify
 j - a scroll of teleportation
Potions
 b - a potion of mutation {unknown}
 d - a potion of might
 e - a potion of degeneration {unknown}
 f - 2 potions of cancellation {unknown}

Dungeon Overview and Level Annotations

Branches:
Dungeon (4/15)
 Temple: D:4-7

Altars:
Xom
The Shining One

Shops:
D:3 (

Annotations:
D:3 exclusions: 4 ball pythons, goblin and rat


Message History

The sleepcap releases spores at you.
You slash the sleepcap!
You destroy the sleepcap!
You start resting.
HP restored.
There is a stone staircase leading down here.
A hound comes into view.
The hound barks!
Enter note: You closely miss the hound.
The hound barely misses you. The hound bites you but does no damage.
You hit the hound.
The hound is lightly wounded.
The hound bites you. The hound bites you but does no damage.
You hit the hound.
The hound is moderately wounded.
The hound bites you but does no damage. x2
You slash the hound!
You kill the hound!
An endoplasm comes into view.
The endoplasm quivers.
You slash the endoplasm!
You kill the endoplasm!
You start resting.
HP restored.
An ogre comes into view. It is wielding a +0 giant club.
The ogre shouts!
Enter note: You slice the ogre!!
The ogre is severely wounded.
The ogre hits you with a +0 giant club!!
Ouch! That really hurt!
You hit the ogre but do no damage.
The ogre is severely wounded.
The ogre hits you with a +0 giant club.
You barely miss the ogre.
The ogre is severely wounded.
The ogre hits you with a +0 giant club!!
Ouch! That really hurt!
You die...

........(....[...........#
.#######################.#
.# #.# ## #.# #.# #.#
########## #.# ##.
#........######.# ...
+.....O@.......># ...
#........######.# ...
.........# #.# +##
.........# #.# .........#
#.# +## .######### #.# ...
#.# _.. #.# ...


You could see an ogre.

Vanquished Creatures
  A bullfrog (D:4)
  A jelly (D:3)
  A hound (D:4)
  A sleepcap (D:4)
  Natasha (thrice) (D:2)
  An iguana (D:4)
  6 adders
  2 worms
  A dart slug (D:1)
  6 ball pythons
  2 bats (D:1)
  10 endoplasms
  3 giant cockroaches (D:1)
  4 hobgoblins
  8 jackals
  6 quokkas (D:1)
  3 frilled lizards (D:1)
  9 goblins
  10 kobolds
  5 rats
83 creatures vanquished.

Notes
Turn   | Place    | Note
-------+----------+-------------------------------------------
     0 | D:1      | qw the Gargoyle Fighter began the quest for the Orb.
     0 | D:1      | Reached XP level 1. HP: 14/14 MP: 1/1
     0 | D:1      | 0 ||| qw: Version: 0.2-a-29-gc1b59c4
     0 | D:1      | 0 ||| qw: Game counter: 4528
     0 | D:1      | 0 ||| qw: Always use a shield: true
     0 | D:1      | 0 ||| qw: God list: Okawaru
     0 | D:1      | 0 ||| qw: Allow faded altars: false
     0 | D:1      | 0 ||| qw: Do Orc after D:15 true
     0 | D:1      | 0 ||| qw: Do second Lair branch before Depths: true
     0 | D:1      | 0 ||| qw: Lair rune preference: random
     0 | D:1      | 0 ||| qw: Plans: Normal, Zot:1-4, Slime:5, God:TSO, Crypt,
                  | Tomb, Abyss, Pan, Hells, Win
     0 | D:1      | 0 ||| PLANNING D:1-11
    40 | D:1      | Reached skill level 2 in Axes
    51 | D:1      | 51 ||| Stepping ~*~*~tactically~*~*~ (stealth).
   132 | D:1      | Reached XP level 2. HP: 19/19 MP: 2/2
   473 | D:1      | 473 ||| Stepping ~*~*~tactically~*~*~ (hiding).
   483 | D:1      | Reached skill level 3 in Axes
   495 | D:1      | Reached XP level 3. HP: 23/23 MP: 3/3
   498 | D:1      | 498 ||| DROPPING +0 club.
   840 | D:1      | 840 ||| UPGRADING to +0 chain mail.
   850 | D:1      | 850 ||| DROPPING +0 scale mail.
   851 | D:1      | 851 ||| UPGRADING to +0 plate armour.
   861 | D:1      | 861 ||| DROPPING +0 chain mail.
   862 | D:1      | 862 ||| UPGRADING to amulet of faith.
   867 | D:1      | 867 ||| READING scroll labelled BACZOCS KOIN.
   868 | D:1      | 868 ||| READING 2 scrolls labelled YGHOKU HOOC.
   873 | D:1      | 873 ||| READING 3 scrolls labelled ICZAEGI LIHUA.
   874 | D:1      | 874 ||| DROPPING 2 scrolls of amnesia.
   919 | D:2      | 919 ||| Stepping ~*~*~tactically~*~*~ (stealth).
   944 | D:2      | Reached XP level 4. HP: 16/28 MP: 4/4
   994 | D:2      | Noticed Natasha
   995 | D:2      | 995 ||| FLEEEEING.
  1010 | D:2      | Killed Natasha
  1011 | D:2      | Reached skill level 4 in Axes
  1078 | D:2      | Noticed Natasha
  1079 | D:2      | 1079 ||| Stepping ~*~*~tactically~*~*~ (stealth).
  1081 | D:2      | 1081 ||| Stepping ~*~*~tactically~*~*~ (hiding).
  1090 | D:2      | Killed Natasha
  1165 | D:2      | 1165 ||| Stepping ~*~*~tactically~*~*~ (hiding).
  1172 | D:2      | 1172 ||| Stepping ~*~*~tactically~*~*~ (stealth).
  1184 | D:2      | 1184 ||| Stepping ~*~*~tactically~*~*~ (hiding).
  1211 | D:2      | 1211 ||| Stepping ~*~*~tactically~*~*~ (stealth).
  1298 | D:2      | Reached XP level 5. HP: 31/32 MP: 5/5
  1311 | D:2      | Noticed Natasha
  1312 | D:2      | 1312 ||| Stepping ~*~*~tactically~*~*~ (stealth).
  1314 | D:2      | 1314 ||| Stepping ~*~*~tactically~*~*~ (hiding).
  1321 | D:2      | Killed Natasha
  1421 | D:2      | 1421 ||| Stepping ~*~*~tactically~*~*~ (stealth).
  1485 | D:2      | Reached skill level 5 in Axes
  1677 | D:2      | 1677 ||| READING 2 scrolls labelled IDDUOROO SOETT.
  1678 | D:2      | 1678 ||| READING scroll labelled SEFIYL RIASSUS.
  1679 | D:2      | 1679 ||| READING 3 scrolls labelled TYLU QISHAECZO.
  1680 | D:2      | 1680 ||| DROPPING 2 scrolls of revelation.
  1791 | D:3      | Found a glowing golden altar of the Shining One.
  1848 | D:3      | 1848 ||| Stepping ~*~*~tactically~*~*~ (stealth).
  2094 | D:3      | 2094 ||| READING 2 scrolls of identify.
  2094 | D:3      | 2094 ||| IDENTIFYING murky golden potion
  2095 | D:3      | 2095 ||| DROPPING potion of enlightenment.
  2295 | D:3      | Found Canlu's Antique Weapon Shop.
  2299 | D:3      | 2299 ||| SHOPLISTING glowing mace (156 gold, have 45).
  2299 | D:3      | 2299 ||| SHOPLISTING mace (78 gold, have 45).
  2613 | D:3      | 2613 ||| Stepping ~*~*~tactically~*~*~ (stealth).
  2719 | D:4      | 2719 ||| STAIRDANCE
  2725 | D:3      | Reached XP level 6. HP: 12/39 MP: 6/6
  2958 | D:4      | 2958 ||| Stepping ~*~*~tactically~*~*~ (stealth).
  2967 | D:4      | Found a shimmering altar of Xom.
  2984 | D:4      | 2984 ||| Stepping ~*~*~tactically~*~*~ (stealth).
  3094 | D:4      | Mangled by an ogre

Levels and vault maps discovered:
D:1:      dpeg_chamrin_arrival_tetris, layout_loops_ring, serial_park_tiny_1
D:2:      layout_rooms, uniq_natasha
D:3:      layout_loops_ring, mainiacjoe_overflow_concentric_impassable,
          serial_shops, nicolae_shop_back_alley_shop, minivault_14,
          minmay_goblin_outpost
D:4:      layout_basic, dk_xom_monty_hall, dk_rats_in_the_wall

Skill      XL: |  1  2  3  4  5 |
---------------+----------------+-----
Axes           | 2 3 4 5 |  5.9
Fighting       | 4 |  4.3
Armour         | |  3.2
Shields        | |  3.2

Action                     |  1- 3 |  4- 6 || total
---------------------------+-------+-------++-------
  Melee: War axe           |   125 |   152 ||   277
    Use: Scroll            |     3 |     4 ||     7
 Armour: Scale mail        |    49 |       ||    49
         Plate armour      |    14 |    96 ||   110
  Dodge: Dodged            |    47 |    33 ||    80
  Block: Buckler           |    28 |    20 ||    48

Table legend:
 A = Non-vault XP
 B = Vault XP
 C = Vault XP percentage of total XP
 D = Non-vault monster count
 E = Vault monster count
 F = Vault count percentage of total count
                 A         B        C        D         E       F
            +---------+---------+-------+---------+---------+-------
      Total |     521 |      44 |   7.8 |      78 |       5 |   6.0
            +---------+---------+-------+---------+---------+-------
        D:1 |      63 |       0 |   0.0 |      35 |       0 |   0.0
        D:2 |     132 |      36 |  21.4 |      17 |       1 |   5.6
        D:3 |      89 |       8 |   8.2 |      13 |       4 |  23.5
        D:4 |     237 |       0 |   0.0 |      13 |       0 |   0.0
            +---------+---------+-------+---------+---------+-------
